 Dungeon Crawl Stone Soup version 0.30-a0-748-ge6a52f7cba (webtiles) character file.

Game seed: 4443014818381595692

65 Leeroy the Ducker (level 3, -14/19 HPs)
             Began as a Spriggan Berserker on Feb 8, 2023.
             Was a Follower of Trog (penitent).
             Demolished by a polar bear (18 damage)
             ... created by the rage of Trog
             ... on level 3 of the Dungeon.
             The game lasted 00:02:14 (1507 turns).

Leeroy the Ducker (Spriggan Berserker)              Turns: 1507, Time: 00:02:15

Health: -14/19     AC:  5    Str: 13    XL:     3   Next: 92%
Magic:  4/4        EV: 19    Int:  8    God:    Trog [*.....]
Gold:   106        SH:  0    Dex: 16    Spells: 0/2 levels left

rFire   . . .      SeeInvis +    a - +0 falchion
rCold   . . .      Faith    .    s - orb {*channel}
rNeg    . . .      Spirit   .    b - +0 animal skin
rPois   .          Reflect  .    (helmet restricted)
rElec   .          Harm     .    p - +2 cloak
rCorr   .          Rampage  .    (gloves unavailable)
Will    .....                    (boots unavailable)
Stlth   +                        (no amulet)
HPRegen 0.23/turn                (no ring)
MPRegen 0.09/turn                (no ring)

@: slowed, quick
A: very small, no large weapons, unfitting armour, see invisible, speed 3
a: Renounce Religion


You were on level 3 of the Dungeon.
You worshipped Trog.
Trog was demanding penance.
You visited 1 branch of the dungeon, and saw 3 of its levels.

You collected 106 gold pieces.

Inventory:

Hand Weapons
 a - a +0 falchion (weapon)
Missiles
 m - 4 poisoned darts (quivered)
Armour
 b - a +0 animal skin (worn)
 l - a +1 cloak
 p - a +2 cloak (worn)
 s - an orb of energy (worn)
Scrolls
 e - 2 scrolls of enchant weapon {unknown}
 f - 3 scrolls of silence {unknown}
 g - a scroll of identify {unknown}
 h - a scroll of amnesia {unknown}
 i - 3 scrolls of blinking {unknown}
 k - 2 scrolls of butterflies {unknown}
 n - a scroll of fear {unknown}
 r - a scroll of enchant armour {unknown}
Potions
 c - a potion of lignification {unknown}
 d - a potion of resistance {unknown}
 j - a potion of invisibility {unknown}
 o - 2 potions of heal wounds {unknown}
 q - a potion of curing {unknown}


   Skills:
 + Level 2.8 Fighting
 + Level 3.0 Long Blades
 + Level 5.2 Dodging


You couldn't memorise any spells.
You knew the following spells:

 Your Spells              Type           Power      Damage    Failure   Level
a - Blink                 Tloc           0%         N/A       54%         2

Your spell library contained the following spells:

 Spells                   Type           Power      Damage    Failure   Level
 Lesser Beckoning         Tloc           0%         N/A       54%         2
 Momentum Strike          Conj/Tloc      0%         3d8       54%         2
 Fireball                 Conj/Fire      0%         3d3       100%        5
 Iskenderun's Battlesphe  Conj           0%         2d6       100%        5
 Conjure Ball Lightning   Conj/Air       0%         3x3d6     100%        6
 Orb of Destruction       Conj           0%         9d5       100%        7


Dungeon Overview and Level Annotations

Branches:
Dungeon (3/15)

Altars:


Innate Abilities, Weirdness & Mutations

You are very small and have problems with some larger weapons.
You are too small for most types of armour.
You have supernaturally acute eyesight. (SInv)
You cover ground extremely quickly. (Speed+++)


Message History

A kobold is nearby!
The kobold shouts!
Trog sends monsters to punish you.
The divine experience drains your vigour!
You feel yourself slow down. 4 polar bears come into view.
You hit the polar bear but do no damage.
The kobold throws a stone.
The stone closely misses you.
You hit the polar bear but do no damage.
The polar bear misses you. The polar bear closely misses you.
The polar bear completely misses you.
The kobold throws a stone.
The stone closely misses you. The polar bear completely misses you.
The polar bear claws you but does no damage.
The polar bear claws you.
The polar bear bites you but does no damage.
The polar bear barely misses you. The polar bear claws you.
The polar bear misses you. The polar bear closely misses you. x2
The polar bear bites you!
Ouch! That really hurt!
* * * LOW HITPOINT WARNING * * *
The polar bear barely misses you. The polar bear completely misses you.
You hear a shout! x2
You are too injured to fight recklessly!
You are too injured to fight recklessly!
You are too injured to fight recklessly!
You are too injured to fight recklessly!
You are too injured to fight recklessly!
You are too injured to fight recklessly!
You are too injured to fight recklessly!
You are too injured to fight recklessly!
You barely miss the polar bear. The polar bear barely misses you.
The polar bear misses you. The polar bear completely misses you.
The polar bear closely misses you. The polar bear barely misses you. x2
The polar bear completely misses you. The polar bear misses you. x2
The polar bear completely misses you. The polar bear misses you.
The polar bear closely misses you.
A hobgoblin comes into view.
The polar bear bites you!!
Ouch! That really hurt!
You die...

#########
#.......#
#.......#
##.......#
#.......<+
#....hh..#
#.....@..#
#....Khh.#
#.......$#
........!<+
##g########
.. #


You could see 4 polar bears, a hobgoblin and a kobold.

Vanquished Creatures
  An adder (D:2)
  A worm (D:2)
  A dart slug (D:1)
  5 ball pythons
  5 bats
  4 endoplasms
  A giant cockroach (D:1)
  4 goblins (D:1)
  5 hobgoblins
  6 jackals (D:1)
  3 quokkas
  4 frilled lizards
  3 kobolds
43 creatures vanquished.

Notes
Turn   | Place    | Note
-------+----------+-------------------------------------------
     0 | D:1      | Leeroy the Spriggan Berserker began the quest for the Orb.
     0 | D:1      | Reached XP level 1. HP: 11/11 MP: 2/2
   233 | D:1      | Reached XP level 2. HP: 16/16 MP: 3/3
   442 | D:1      | Reached XP level 3. HP: 19/19 MP: 4/4
   729 | D:2      | Was placed under penance by Trog
   732 | D:2      | Learned a level 2 spell: Blink
  1113 | D:2      | Reached skill level 5 in Dodging
  1505 | D:3      | Noticed a polar bear
  1505 | D:3      | Noticed a polar bear
  1505 | D:3      | Noticed a polar bear
  1505 | D:3      | Noticed a polar bear
  1507 | D:3      | Demolished by a polar bear

Illustrated notes

Levels and vault maps discovered:
D:1:      amcnicky_arrival_single_pillar, layout_loops_ring
D:2:      layout_loops_ring
D:3:      layout_basic, nicolae_uskayaw_murder_on_the_dancefloor, uniq_grinder,
          uniq_sigmund, uniq_jessica

Skill      XL: |  1  2  3 |
---------------+----------+-----
Long Blades    | 3 |  3.0
Dodging        | 5 |  5.2
Fighting       | |  2.8

Action                     || total
---------------------------++-------
  Melee: Falchion          ||   149
 Invoke: Berserk           ||     2
 Armour: Animal skin       ||    22
  Dodge: Dodged            ||   201

Table legend: (Time is in decaauts)
 A = Elapsed time spent in this place.
 B = Non-inter-level travel time spent in this place.
 C = Inter-level travel time spent in this place.
 D = Time resting spent in this place.
 E = Time spent auto-exploring this place.
 F = Levels seen in this place.
 G = Mean time per level.
                   A        B        C        D        E       F      G
               +--------+--------+--------+--------+--------+-----+--------+
         Total |   1107 |   1067 |     40 |      0 |    731 |   3 |  369.0 |
       Dungeon |   1107 |   1067 |     40 |      0 |    731 |   3 |  369.0 |
               +--------+--------+--------+--------+--------+-----+--------+

Top non-repeatable levels by time:
     D:1: 555 daAuts
     D:2: 546 daAuts
     D:3: 5 daAuts
